Map: Terraform LE (Void)

Players

SticklerMac

  • Race: Protoss Protoss
  • League: Bronze

Capanujan - Winner!

  • Race: Zerg Zerg
  • League: Bronze

VOD

Have the link to the VOD?

Description

Time

  • Played on: July 26, 2015, 1:15 a.m.
  • Length: 9:03
Show
View Real Time Build Order
Export as new Build Order

SticklerMac Protoss 

Build Orders:  

Get SALT Encoding   

  12  0:00  Probe  
  13  0:12  Probe  
  14  0:22  Pylon  
  14  0:27  Assimilator  
  14  0:41  Probe (Chrono Boost)  
  15  0:44  Gateway  
  15  0:53  Probe (Chrono Boost)  
  16  1:02  Probe (Chrono Boost)  
  17  1:08  Pylon  
  17  1:13  Probe (Chrono Boost)  
  18  1:23  Probe (Chrono Boost)  
  19  1:26  Pylon  
  19  1:30  Probe (Chrono Boost)  
  20  1:36  Forge  
  20  1:52  Assimilator  
  20  1:59  Cybernetics Core  
  20  2:05  Zealot  
  22  2:18  Probe (Chrono Boost)  
  23  2:28  Probe (Chrono Boost)  
  24  2:35  Probe  
  25  2:39  Pylon  
  25  2:52  Mothership Core, Nexus  
  27  3:06  Twilight Council  
  27  3:14  Stargate  
  26  3:43  Probe  
  17  3:55  Probe  
  14  4:13  Pylon  
  14  4:27  Void Ray  
  14  4:31  Probe  
  19  4:33  Probe  
  20  4:43  Probe  
  21  4:45  Probe  
  22  4:55  Probe  
  22  4:57  Probe  
  24  5:08  Probe (Chrono Boost)  
  24  5:10  Probe (Chrono Boost)  
  26  5:20  Probe (Chrono Boost)  
  27  5:22  Oracle  
  30  5:34  Probe (Chrono Boost)  
  30  5:35  Probe (Chrono Boost)  
  33  5:44  Probe x2 (Chrono Boost)  
  34  5:52  Dark Shrine  
  34  6:00  Probe (Chrono Boost)  
  34  6:01  Probe (Chrono Boost)  
  36  6:10  Probe x2 (Chrono Boost)  
  33  6:29  Phoenix  
  35  6:33  Probe (Chrono Boost)  
  33  6:47  Assimilator  
  33  6:55  Phoenix  
  35  7:20  Stargate  
  35  7:24  Phoenix (Chrono Boost)  
  35  7:26  Probe  
  35  7:28  Probe  
  39  7:36  Probe  
  24  8:36  Pylon  
  24  8:37  Pylon  
Show
View Real Time Build Order
Export as new Build Order

Capanujan Zerg - Winner!

Build Orders: Hatch First 

Get SALT Encoding   

  12  0:02  Drone  
  13  0:15  Drone  
  13  0:17  Overlord  
  14  0:35  Drone x2  
  16  0:37  Drone  
  17  0:55  Hatchery  
  16  0:59  Drone  
  17  1:05  Extractor  
  17  1:09  Drone  
  17  1:18  Spawning Pool  
  17  1:19  Drone  
  17  1:29  Overlord  
  17  1:36  Drone  
  18  1:44  Drone  
  19  1:53  Drone  
  20  2:05  Metabolic Boost  
  20  2:07  Queen  
  22  2:08  Queen  
  22  2:15  Zergling x4  
  26  2:16  Zergling x2  
  27  2:29  Zergling x4  
  29  2:30  Zergling x2  
  30  2:41  Overlord  
  30  3:00  Lair  
  30  3:02  Extractor  
  29  3:06  Drone  
  29  3:07  Drone x4  
  28  3:56  Extractor  
  28  3:57  Extractor  
  28  4:02  Spire, Zergling x12  
  31  4:03  Zergling x4  
  31  4:06  Drone x2  
  31  4:07  Drone x6  
  41  4:24  Overlord x2  
  41  4:43  Drone x5  
  41  4:44  Drone x3  
  49  4:53  Overlord  
  49  5:06  Overlord  
  49  5:15  Overlord  
  49  5:16  Mutalisk x3  
  49  5:19  Mutalisk  
  57  5:28  Mutalisk  
  57  5:29  Mutalisk  
  61  5:35  Mutalisk  
  63  5:48  Mutalisk x3  
  69  6:03  Drone x5  
  74  6:34  Mutalisk x5  
  84  6:59  Hatchery  
  83  7:20  Overlord x4  
  83  7:27  Extractor  
  82  7:31  Extractor  
  80  7:46  Mutalisk x8  
  88  8:13  Overseer  
  88  8:14  Mutalisk x2  
  94  8:49  Drone x14  
  94  8:50  Drone  
Tags
 
Add a new tag
Caveats
  • Supply blocks, unpowered buildings, or Contaminate may cause inaccurate times.
  • Supply counts are checked every 10 seconds.